 Dungeon Crawl Stone Soup version 0.28.0-62-gf88900778d (webtiles) character file.

Game seed: 3224032636216058262

25602 cbfl8 the Spear-Bearer (level 12, -20/106 HPs)
             Began as a Minotaur Berserker on Mar 17, 2023.
             Was a High Priest of Trog.
             Demolished by a white ugly thing (24 damage)
             ... on level 13 of the Dungeon.
             The game lasted 00:15:53 (17622 turns).

cbfl8 the Spear-Bearer (Minotaur Berserker)        Turns: 17622, Time: 00:15:54

Health: -20/106    AC: 21    Str: 24    XL:     12   Next: 90%
Magic:  11/11      EV:  8    Int:  4    God:    Trog [*****.]
Gold:   650        SH:  6    Dex: 16    Spells: 11/11 levels left

rFire   . . .      SeeInvis .   e - +9 trident "Guecixuma" {venom, Dex+3}
rCold   . . .      Faith    .   s - +0 buckler
rNeg    . . .      Spirit   .   p - +0 plate armour
rPois   .          Reflect  .   (helmet restricted)
rElec   .          Harm     .   E - +1 cloak
rCorr   .          Rampage  .   o - +0 pair of gloves
Will    +....                   A - +0 pair of boots
Stlth   ..........              (no amulet)
HPRegen 0.27/turn               y - ring of flight
MPRegen 0.12/turn               r - ring of willpower

@: on berserk cooldown, flying, slowed, very slow
A: horns 2, retaliatory headbutt
a: Renounce Religion, Berserk, Trog's Hand, Brothers in Arms


You were on level 13 of the Dungeon.
You worshipped Trog.
Trog was extremely pleased with you.
You visited 1 branch of the dungeon, and saw 13 of its levels.
You also visited: Ossuary.

You collected 650 gold pieces.

Inventory:

Hand Weapons
 e - the +9 trident "Guecixuma" (weapon) {venom, Dex+3}
   (You found it on level 8 of the Dungeon)

   It poisons the flesh of those it strikes.
   Dex:       It affects your dexterity (+3).
 z - a +5 war axe of freezing
Armour
 o - a +0 pair of gloves (worn)
 p - a +0 plate armour (worn)
 s - a +0 buckler (worn)
 A - a +0 pair of boots (worn)
 E - a +1 cloak (worn)
Jewellery
 r - a ring of willpower (right hand)
 y - a ring of flight (left hand)
 D - a ring of protection from fire
 K - a ring of see invisible
Wands
 u - a wand of polymorph (10)
 x - a wand of charming (2)
 C - a wand of acid (2)
 G - a wand of paralysis (2)
Scrolls
 b - a scroll of blinking
 h - 5 scrolls of fear
 i - 5 scrolls of fog
 m - 3 scrolls of enchant armour
 q - 7 scrolls of teleportation
 v - a scroll of immolation
 B - a scroll of amnesia {unknown}
Potions
 a - a potion of magic {unknown}
 c - 5 potions of degeneration {unknown}
 d - 4 potions of flight {unknown}
 f - 2 potions of lignification {unknown}
 g - 3 potions of attraction {unknown}
 j - a potion of haste {unknown}
 k - 2 potions of curing {unknown}
 l - 4 potions of brilliance {unknown}
 n - a potion of ambrosia {unknown}
 t - 2 potions of berserk rage {unknown}
 w - 2 potions of mutation {unknown}
 F - 2 potions of might {unknown}
 J - 2 potions of invisibility {unknown}


   Skills:
 + Level 9.9 Fighting
 - Level 11.2(14.2) Axes
 * Level 14.0(15.6) Polearms
 + Level 12.0 Armour
 + Level 3.2 Dodging
 + Level 0.9 Stealth
 + Level 6.0 Shields
 * Level 8.3 Evocations


You had 11 spell levels left.
You didn't know any spells.
Your spell library was empty.

Dungeon Overview and Level Annotations

Branches:
Dungeon (13/15)            Temple (0/1) D:4            Lair (0/6) D:9
    Orc (0/2) D:11        Ossuary (visited)
 Vaults: D:13-14

Altars:
Cheibriados
Dithmenos
Fedhas
Okawaru
Qazlal
Ru
Trog
Uskayaw
Vehumet

Shops:
D:1 (   D:4 [   D:7 *

Annotations:
D:6 3 runed translucent doors, cbfl8's ghost, novice MiBe
D:7 3 runed translucent doors, 2 transporters, Underfrisk's ghost, novice NaFE


Innate Abilities, Weirdness & Mutations

You have a pair of horns on your head.
You reflexively headbutt those who attack you in melee.


Message History

No target in view!
You feel a strong urge to attack something.
A cyclops comes into view.
You are no longer berserk.
You are exhausted.
You feel yourself slow down.
The cyclops throws a large rock.
The large rock hits you!
The sentinel's mark upon you fades away.
A white ugly thing comes into view.
The cyclops hits you but does no damage.
You puncture the cyclops!
The cyclops looks as sick as possible!
The cyclops is moderately wounded.
You block the cyclops's attack.
You puncture the cyclops!
The cyclops looks as sick as possible!
Your headbutt misses the cyclops.
The cyclops is moderately wounded.
You puncture the cyclops!
The cyclops looks as sick as possible!
You headbutt the cyclops.
The cyclops is severely wounded.
The cyclops hits you!
You puncture the cyclops!
The cyclops looks as sick as possible!
The cyclops is almost dead.
You impale the cyclops!!
You kill the cyclops!
Trog accepts your kill.
You puncture the white ugly thing!
Your headbutt misses the white ugly thing.
The white ugly thing is lightly wounded.
The white ugly thing pecks you but does no damage.
You closely miss the white ugly thing.
The white ugly thing is lightly wounded.
The white ugly thing pecks you! The white ugly thing freezes you!!
* * * LOW HITPOINT WARNING * * *
You hit the white ugly thing but do no damage.
The white ugly thing is poisoned.
You headbutt the white ugly thing!
The white ugly thing is moderately wounded.
The white ugly thing pecks you.
* * * LOW HITPOINT WARNING * * *
The white ugly thing freezes you!!
You die...

........# .#
#.#.....##..####
#.#............
#.#.....##..####
#.#..)†...(.....
#†##..##.#..#...
#.##..##.# .#
######.##..##.##.#.#
...........u@.......#
######..<.........###
##.#.######### ###.#
#.# #.# ).# .##


You could see a white ugly thing (very poisoned).

Vanquished Creatures
  An ogre mage (D:11)
  3 boulder beetles
  A centaur warrior (D:13)
  4 two-headed ogres
  A tengu warrior (D:11)
  2 orc knights (D:11)
  4 cyclopes
  A harpy (shapeshifter) (D:11)
  4 ugly things
  4 slime creatures (D:12)
  2 manticores
  4 centaur zombies
  An unseen horror (D:10)
  Psyche (D:8)
  3 kobold demonologists
  2 tengu conjurers (D:11)
  A guardian mummy (D:13)
  A freezing wraith (D:11)
  A meliai (D:11)
  A hornet (D:10)
  A troll (D:11)
  Grinder (D:6)
  A blink frog (shapeshifter) (D:11)
  A shadow (D:10)
  7 yaks
  Sigmund (D:5)
  A wraith (D:11)
  2 basilisks
  A steam dragon (D:8)
  Menkaure (D:5)
  2 wargs (D:9)
  2 water moccasins (D:7)
  Duvessa (D:6)
  An acid dragon (D:11)
  10 orc warriors
  2 black bears (D:7)
  A sky beast (D:6)
  3 ogres
  A phantom (D:4)
  19 centaurs
  8 kobold brigands
  3 bullfrogs
  A gnoll sergeant (D:12)
  Blork the orc (D:6)
  2 scorpions (D:6)
  Dowan (D:6)
  3 killer bees (D:8)
  17 wights
  4 howler monkeys (D:10)
  2 bullfrog zombies
  3 hounds
  7 orc priests
  2 bullfrog skeletons
  A centaur skeleton (D:5)
  6 iguanas
  15 orc wizards
  3 mummies (Ossuary)
  A howler monkey zombie (D:8)
  7 gnolls
  8 adders
  3 adder zombies (Ossuary)
  An adder skeleton (D:4)
  4 worms
  3 dart slugs
  24 orcs
  5 endoplasms
  3 giant cockroaches
  8 goblins
  8 hobgoblins
  6 jackals (D:1)
  4 quokkas
  5 ball pythons
  6 bats
  A frilled lizard (D:1)
  A gnoll zombie (Ossuary)
  4 goblin zombies (Ossuary)
  3 hobgoblin zombies (Ossuary)
  24 kobolds
  2 quokka zombies (Ossuary)
  2 rats
  5 rat zombies (Ossuary)
318 creatures vanquished.

Vanquished Creatures (others)
  A vampire (D:13)
  A shadow (D:11)
  A fungus (D:7)
  3 plants (D:7)
6 creatures vanquished.

Grand Total: 324 creatures vanquished

Notes
Turn   | Place    | Note
-------+----------+-------------------------------------------
     0 | D:1      | cbfl8 the Minotaur Berserker began the quest for the Orb.
     0 | D:1      | Reached XP level 1. HP: 19/19 MP: 0/0
   145 | D:1      | Reached XP level 2. HP: 25/27 MP: 1/1
   284 | D:1      | Found a faded altar of an unknown god.
   290 | D:1      | Reached ** piety under Trog
   387 | D:1      | Reached XP level 3. HP: 33/33 MP: 2/2
   582 | D:1      | Found Laycloam's Weapon Shop.
  1299 | D:2      | Reached XP level 4. HP: 41/41 MP: 3/3
  2203 | D:3      | Reached skill level 5 in Axes
  2847 | D:4      | Reached skill level 1 in Evocations
  2847 | D:4      | Reached XP level 5. HP: 18/47 MP: 4/4
  3046 | D:4      | Found Voxeps's Antique Armour Shop.
  3255 | D:4      | Reached *** piety under Trog
  3360 | D:4      | Found a staircase to the Ecumenical Temple.
  3367 | D:4      | Noticed a phantom
  3376 | D:4      | Killed a phantom
  3656 | D:5      | Entered Level 5 of the Dungeon
  3663 | D:5      | Reached XP level 6. HP: 53/55 MP: 5/5
  3710 | D:5      | Reached skill level 5 in Fighting
  3710 | D:5      | Reached XP level 7. HP: 37/61 MP: 6/6
  3855 | D:5      | Noticed Sigmund
  3866 | D:5      | Killed Sigmund
  3867 | D:5      | Reached skill level 5 in Armour
  3896 | D:5      | Found a sand-covered staircase.
  3906 | Ossuary  | Entered an ossuary
  4692 | D:5      | Found a blossoming altar of Fedhas.
  4764 | D:5      | Noticed Menkaure
  4769 | D:5      | Killed Menkaure
  4770 | D:5      | Reached XP level 8. HP: 35/70 MP: 7/7
  5289 | D:5      | Reached skill level 1 in Shields
  5342 | D:5      | Identified the +2 robe "Toxeij" {Harm rF- Int-4 Stlth+}
  5769 | D:6      | Noticed Blork the orc
  5776 | D:6      | Killed Blork the orc
  5809 | D:6      | Noticed Grinder
  5822 | D:6      | Killed Grinder
  5843 | D:6      | Found a runed translucent gate.
  5843 | D:6      | Found a runed translucent gate.
  5843 | D:6      | Found a runed translucent gate.
  5844 | D:6      | Noticed cbfl8's ghost (novice MiBe)
  5846 | D:6      | Found a shadowy altar of Dithmenos.
  5846 | D:6      | Noticed Duvessa
  5847 | D:6      | Noticed Dowan
  5854 | D:6      | Killed Duvessa
  5856 | D:6      | Killed Dowan
  6201 | D:6      | Found a bloodstained altar of Trog.
  6216 | D:6      | Found a snail-covered altar of Cheibriados.
  6270 | D:6      | Reached **** piety under Trog
  6271 | D:6      | Reached XP level 9. HP: 42/75 MP: 8/8
  7651 | D:7      | Found a runed translucent gate.
  7651 | D:7      | Found a runed translucent gate.
  7666 | D:7      | Found a runed translucent gate.
  7666 | D:7      | Noticed Underfrisk's ghost (novice NaFE)
  7682 | D:7      | Reached skill level 10 in Axes
  7809 | D:7      | Noticed a centaur warrior
  7811 | D:7      | Noticed a white ugly thing
  7811 | D:7      | Found an iron altar of Okawaru.
  7817 | D:7      | Found a transporter.
  7842 | D:7      | Reached skill level 5 in Evocations
  7902 | D:7      | Found Udauwura's Assorted Antiques.
  7999 | D:7      | Found a transporter.
  9271 | D:8      | Noticed Psyche
  9280 | D:8      | Killed Psyche
  9281 | D:8      | Reached XP level 10. HP: 86/86 MP: 9/9
  9416 | D:8      | Found a sacrificial altar of Ru.
  9503 | D:8      | Found a hide-covered altar of Uskayaw.
  9799 | D:8      | Found a stormy altar of Qazlal.
  9939 | D:8      | Identified the +9 trident "Guecixuma" {venom, Dex+3}
 10085 | D:9      | Noticed a cyclops
 10433 | D:9      | Found a staircase to the Lair.
 10438 | D:9      | Reached skill level 1 in Polearms
 10551 | D:9      | Killed a cyclops
 10552 | D:9      | Reached skill level 2 in Polearms
 10909 | D:9      | Reached skill level 3 in Polearms
 11151 | D:9      | Noticed an orange demon
 11158 | D:9      | Reached skill level 4 in Polearms
 11610 | D:10     | Entered Level 10 of the Dungeon
 11622 | D:10     | Reached skill level 5 in Polearms
 12003 | D:10     | Reached skill level 6 in Polearms
 12540 | D:10     | Reached skill level 7 in Polearms
 12540 | D:10     | Reached skill level 10 in Armour
 12716 | D:10     | Reached XP level 11. HP: 84/94 MP: 10/10
 12810 | D:10     | Found a radiant altar of Vehumet.
 12992 | D:11     | Noticed a two-headed ogre
 13005 | D:11     | Killed a two-headed ogre
 13012 | D:11     | Reached skill level 8 in Polearms
 13252 | D:11     | Found a staircase to the Orcish Mines.
 13604 | D:11     | Reached skill level 9 in Polearms
 13637 | D:11     | Noticed a boulder beetle
 13657 | D:11     | Killed a boulder beetle
 14072 | D:11     | Noticed a two-headed ogre
 14104 | D:11     | Killed a two-headed ogre
 14199 | D:11     | Reached skill level 5 in Shields
 14482 | D:11     | Reached skill level 10 in Polearms
 14512 | D:11     | Noticed a harpy
 14514 | D:11     | Noticed a tengu warrior
 14522 | D:11     | Killed a harpy
 14530 | D:11     | Killed a tengu warrior
 14532 | D:11     | Noticed an orc knight
 14865 | D:11     | Noticed a boulder beetle
 14875 | D:11     | Killed a boulder beetle
 14876 | D:11     | Reached skill level 11 in Polearms
 14876 | D:11     | Reached XP level 12. HP: 88/103 MP: 11/11
 14969 | D:11     | Noticed an ogre mage
 14988 | D:11     | Killed an ogre mage
 14988 | D:11     | Reached ***** piety under Trog
 15506 | D:11     | Noticed an ogre mage
 15898 | D:12     | Noticed a two-headed ogre
 15905 | D:12     | Killed a two-headed ogre
 15905 | D:12     | Noticed a two-headed ogre
 15906 | D:12     | Reached skill level 12 in Polearms
 15916 | D:12     | Killed a two-headed ogre
 16366 | D:12     | Noticed a boulder beetle
 16379 | D:12     | Killed a boulder beetle
 16452 | D:12     | Reached skill level 13 in Polearms
 16850 | D:12     | Identified the +8 falchion of Geiguli {vorpal, rElec Dex+3}
 17557 | D:13     | Noticed a centaur warrior
 17567 | D:13     | Killed a centaur warrior
 17609 | D:13     | Reached skill level 14 in Polearms
 17621 | D:13     | HP: 5/106 [white ugly thing (29)]
 17622 | D:13     | Demolished by a white ugly thing

Illustrated notes

Levels and vault maps discovered:
D:1:      onia_arrival_mini_maze_b, layout_basic, serial_shops, shop,
          hellmonk_ecumenical_altar_leap_of_faith
D:2:      layout_basic
D:3:      layout_basic, dk_noncrumbling_3
D:4:      layout_basic, minmay_temple_entry_overgrown, serial_shops, shop
D:5:      layout_loops_ring, mainiacjoe_overflow_small_starburst,
          nicolae_ossuary_entry_ruins, kennysheep_dice, uniq_sigmund,
          uniq_menkaure
D:6:      layout_basic, mainiacjoe_overflow_24_doors, trog_butcher_becter,
          mainiacjoe_overflow_paths, gammafunk_ghost_necromancy, fountainhead,
          uniq_grinder, uniq_duvessa, uniq_blork_the_orc
D:7:      layout_cave_pools, gammafunk_temple_overflow_arena,
          gammafunk_ghost_nasty_kobolds, nicolae_stop_n_shop_1
D:8:      layout_loops_cross, nicolae_qazlal_eye_of_the_storm,
          nicolae_uskayaw_dance_hall, nicolae_overflow_hidden_temple,
          uniq_psyche
D:9:      layout_loops_ring, erik_lair_orcish_takeover,
          chequers_serial_rivers_marsh
D:10:     layout_basic, vehumet_crystals
D:11:     minmay_the_grid_plus_closed [minmay_the_grid_armoury,
          minmay_the_grid_x, minmay_the_grid_plusring, minmay_the_grid_slots,
          minmay_the_grid_prize_inner_circle], layout_rooms, orc_0_dummy,
          kennysheep_generic_room_16
D:12:     layout_loops_corners, grunt_ministairs_6, minmay_misc_feat_diagonals,
          statue_in_the_mist_lemuel
D:13:     layout_loops_ring, nicolae_trove_entry_path_of_doom

Skill      XL: |  1  2  3  4  5  6  7  8  9 10 11 12 |
---------------+-------------------------------------+-----
Axes           | 4 5 6 7 9 11 | 11.2
Fighting       | 4 5 6 7 8 9 |  9.9
Armour         | 3 4 5 7 8 10 11 12 | 12.0
Evocations     | 1 2 3 4 5 6 7 8 |  8.3
Dodging        | 3 |  3.2
Shields        | 2 3 4 5 6 |  6.0
Polearms       | 7 11 14 | 14.0
Stealth        | |  0.9

Action                   |  1- 3 |  4- 6 |  7- 9 | 10-12 || total
-------------------------+-------+-------+-------+-------++-------
Melee: Hand axe          |    72 |    98 |   114 |       ||   284
       Headbutt          |    13 |    17 |    42 |   107 ||   179
       Punch             |     1 |     1 |       |       ||     2
       War axe           |       |       |   162 |    23 ||   185
       Trident           |       |       |       |   524 ||   524
Invok: Berserk           |       |     1 |     7 |    10 ||    18
  Use: Scroll            |       |     4 |     3 |     2 ||     9
Armor: Scale mail        |    34 |    17 |       |       ||    51
       Plate armour      |       |    31 |   160 |   248 ||   439
Dodge: Dodged            |    40 |    32 |    92 |   147 ||   311
Block: Buckler           |       |     4 |    63 |   102 ||   169
